Map: Beckett Industries LE

Players

DisK - Winner!

  • Race: Protoss Protoss

Maplez

  • Race: Protoss Protoss

VOD

Have the link to the VOD?

Description

Time

  • Played on: Oct. 6, 2021, 4:37 p.m.
  • Length: 7:46
Show
View Real Time Build Order
Export as new Build Order

DisK Protoss - Winner!

Build Orders:  

Get SALT Encoding   

  12  0:00  Probe  
  13  0:12  Probe  
  14  0:17  Pylon  
  14  0:24  Probe  
  15  0:35  Gateway  
  15  0:37  Probe (Chrono Boost)  
  16  0:46  Probe (Chrono Boost)  
  16  0:47  Assimilator  
  17  0:51  Probe (Chrono Boost)  
  18  1:05  Probe  
  19  1:15  Assimilator  
  19  1:17  Probe  
  20  1:24  Cybernetics Core  
  20  1:30  Probe  
  21  1:33  Pylon  
  21  1:41  Gateway  
  21  1:44  Probe  
  22  1:55  Warp Gate (Chrono Boost)  
  22  1:56  Probe  
  23  2:01  Stalker  
  26  2:16  Pylon  
  25  2:25  Pylon  
  25  2:28  Stalker  
  27  2:31  Stalker  
  29  2:40  Robotics Facility  
  29  2:58  Stalker, Gateway  
  31  3:01  Stalker  
  33  3:13  Shield Battery  
  33  3:19  Pylon  
  33  3:27  Warp Prism (Chrono Boost)  
  35  3:40  Stalker  
  37  3:46  Stalker  
  39  3:54  Stalker  
  41  3:59  Observer  
  42  4:13  Stalker x2  
  46  4:19  Pylon  
  46  4:40  Stalker x2  
  46  4:45  Stalker  
  44  5:44  Pylon  
  44  6:00  Pylon  
  44  6:02  Probe (Chrono Boost)  
  45  6:07  Stalker  
  45  6:08  Observer  
  47  6:24  Immortal, Probe  
  51  6:30  Sentry  
  54  6:36  Pylon  
  54  6:38  Probe  
  55  6:45  Pylon  
  49  7:12  Stalker x3  
  49  7:36  Stalker x3  
  53  7:43  Stalker x3  
Show
View Real Time Build Order
Export as new Build Order

Maplez Protoss 

Build Orders:  

Get SALT Encoding   

  12  0:00  Probe  
  13  0:12  Probe  
  14  0:17  Pylon  
  14  0:24  Probe (Chrono Boost)  
  16  0:37  Probe (Chrono Boost)  
  16  0:38  Gateway  
  16  0:42  Probe (Chrono Boost)  
  16  0:49  Pylon  
  17  0:55  Assimilator  
  17  1:06  Probe  
  18  1:12  Assimilator  
  18  1:13  Gateway  
  18  1:19  Probe  
  19  1:26  Cybernetics Core  
  19  1:31  Probe  
  20  1:41  Pylon  
  20  1:43  Probe  
  21  1:55  Probe  
  22  2:04  Stalker x2  
  22  2:08  Probe  
  27  2:09  Warp Gate (Chrono Boost)  
  27  2:14  Pylon  
  27  2:20  Pylon  
  27  2:28  Probe  
  28  2:34  Pylon  
  27  2:37  Stalker, Pylon  
  29  2:46  Robotics Facility  
  29  2:56  Gateway  
  29  3:03  Stalker  
  31  3:11  Stalker  
  33  3:26  Gateway  
  33  3:35  Warp Prism (Chrono Boost)  
  35  3:51  Stalker  
  35  3:54  Stalker  
  39  4:03  Observer (Chrono Boost)  
  39  4:04  Stalker  
  42  4:13  Pylon  
  42  4:26  Stalker  
  42  4:27  Stalker  
  47  4:40  Shield Battery  
  46  4:47  Stalker  
  44  5:19  Pylon x2  
  44  5:20  Shield Battery  
  37  5:38  Stalker  
  35  5:57  Zealot  
  35  6:03  Zealot  
  39  6:08  Probe  
  38  6:20  Probe  
  39  6:26  Cybernetics Core  
  39  6:32  Probe  
  40  6:44  Probe  
  41  6:56  Probe  
  41  7:00  Zealot x2  
  24  7:26  Stalker x2  
Tags
 
Add a new tag
Caveats
  • Supply blocks, unpowered buildings, or Contaminate may cause inaccurate times.
  • Supply counts are checked every 10 seconds.